 Dungeon Crawl Stone Soup version 0.20-a0-471-g521e6c5 (webtiles) character file.

150 Kriby the Cudgeler (level 5, -5/41 HPs)
             Began as a Human Gladiator on Jan 14, 2017.
             Killed by divine providence
             ... invoked by an orc priest
              (11 damage)
             ... on level 3 of the Dungeon.
             The game lasted 00:04:41 (1992 turns).

Kriby the Cudgeler (Human Gladiator)                Turns: 1992, Time: 00:04:42

Health: -5/41      AC:  6    Str: 16    XL:     5   Next: 58%
Magic:  5/5        EV: 12    Int:  8    God:
Gold:   43         SH:  0    Dex: 14    Spells: 4/4 levels left

rFire  . . .     SeeInvis .     a - +0 flail
rCold  . . .     Gourm    .     v - +0 ring mail
rNeg   . . .     Faith    .     (no shield)
rPois  .         Spirit   .     c - +0 helmet
rElec  .         Reflect  .     (no cloak)
rCorr  .         Harm     .     (no gloves)
MR     +....                    (no boots)
Stlth  +.........               (no amulet)
                                (no ring)
                                q - ring of protection from magic

@: no status effects
A: no striking features
a: no special abilities


You were on level 3 of the Dungeon.
You were not hungry.

You visited 1 branch of the dungeon, and saw 3 of its levels.

You collected 43 gold pieces.

Inventory:

Hand Weapons
 a - a +0 flail (weapon)
Missiles
 d - 3 throwing nets (quivered)
 i - 6 curare-tipped needles
 p - 23 poisoned needles
Armour
 c - a +0 helmet (worn)
 v - a +0 ring mail (worn)
Jewellery
 q - a ring of protection from magic (left hand)
Scrolls
 e - 2 scrolls of identify {unknown}
 n - a scroll of blinking {unknown}
 o - 2 scrolls of teleportation {unknown}
 r - 2 scrolls of noise {unknown}
 t - a scroll of enchant armour {unknown}
 u - a scroll of magic mapping {unknown}
Potions
 h - a potion of cancellation {unknown}
 k - a potion of curing {unknown}
 l - a potion of heal wounds {unknown}
 m - a potion of haste {unknown}
 s - a potion of agility {unknown}
Comestibles
 f - 3 bread rations
 g - a beef jerky
 j - 3 chunks of flesh


   Skills:
 + Level 3.2 Fighting
 + Level 4.3 Maces & Flails
 + Level 3.4 Throwing
 - Level 3.0 Dodging


You had 4 spell levels left.
You didn't know any spells.

Dungeon Overview and Level Annotations

Branches:
Dungeon (3/15)

Altars:
Nemelex Xobeh


Message History

The orc priest hits you but does no damage.
You sock the orc priest!
The orc priest is heavily wounded.
The orc priest begins to cast a cantrip, but forgets the words!
You hit the orc priest.
The orc priest is heavily wounded.
The orc priest hits you but does no damage.
You hit the orc priest but do no damage.
The orc priest is heavily wounded.
The orc priest hits you with a club.
* * * LOW HITPOINT WARNING * * *
You hit the orc priest.
The orc priest is severely wounded.
The orc priest hits you but does no damage.
The orc priest closely misses you.
You hit the orc priest.
The orc priest is almost dead.
The orc priest mumbles some strange prayers to Beogh against you.
Beogh smites you!
You die...

+.........#.##.#
#.........#.##.#
#######)#.#..#.#
#.#.# #(#.# #######
#.#.# #.....# #.#.#
#.###.####.#.# #
#....)@....#.#.# #
#.#.#o######.#.# .#
#...#...o.o..#.#.>##
############o.......
................
................
........########
..........o.oo#
...........o..#


You could see an orc priest.

Vanquished Creatures
  An orc priest (D:3)
  Jessica (D:3)
  2 adders (D:2)
  2 oozes
  A worm (D:3)
  A dart slug (D:2)
  3 leopard geckos
  2 orcs (D:3)
  6 bats
  4 giant cockroaches
  3 goblins
  9 hobgoblins
  5 jackals (D:1)
  7 kobolds
  2 ball pythons (D:2)
  3 frilled lizards
  3 rats
55 creatures vanquished.

Notes
Turn   | Place    | Note
-------+----------+-------------------------------------------
     0 | D:1      | Kriby the Human Gladiator began the quest for the Orb.
     0 | D:1      | Reached XP level 1. HP: 16/16 MP: 1/1
   148 | D:1      | Reached XP level 2. HP: 19/22 MP: 2/2
   480 | D:1      | Reached XP level 3. HP: 28/28 MP: 3/3
   849 | D:2      | Found a sparkling altar of Nemelex Xobeh.
  1175 | D:2      | Reached XP level 4. HP: 31/34 MP: 4/4
  1859 | D:3      | Noticed Jessica
  1862 | D:3      | Killed Jessica
  1862 | D:3      | Reached skill level 4 in Maces & Flails
  1862 | D:3      | Reached XP level 5. HP: 41/41 MP: 5/5
  1992 | D:3      | Killed from afar by an orc priest

Vault maps used:
D:1:      lemuel_arrival_rhombus
D:2:      nemelex_xobeh_ov_fountains_minmay, first_bread
D:3:      uniq_jessica, uniq_robin

Skill      XL: |  1  2  3  4 |
---------------+-------------+-----
Throwing       | 3 |  3.4
Fighting       | 3 |  3.2
Maces & Flails | 4 |  4.3
Dodging        | |  3.0

Action                   |  1- 3 |  4- 6 || total
-------------------------+-------+-------++-------
Melee: Flail             |   104 |    73 ||   177
 Stab: Sleeping          |     2 |       ||     2
  Eat: Chunk             |     1 |     3 ||     4
Armor: Leather armour    |    26 |    13 ||    39
       Ring mail         |       |     9 ||     9
Dodge: Dodged            |    81 |    47 ||   128
